Map: Frozen Temple

Players

Gracz

  • Race: Protoss Protoss
  • League: Bronze

Exarøi - Winner!

  • Race: Terran Terran
  • League: Bronze

VOD

Have the link to the VOD?

Description

Time

  • Played on: May 5, 2016, 1:34 p.m.
  • Length: 9:42
Show
View Real Time Build Order
Export as new Build Order

Gracz Protoss 

Build Orders:  

Get SALT Encoding   

  12  0:02  Probe (Chrono Boost)  
  13  0:16  Pylon  
  13  0:40  Forge  
  13  1:05  Assimilator  
  13  1:10  Pylon  
  13  1:50  Pylon  
  12  2:00  Gateway  
  12  2:04  Gateway  
  12  2:05  Assimilator  
  12  2:34  Probe (Chrono Boost)  
  13  2:45  Probe (Chrono Boost)  
  13  2:46  Pylon  
  13  2:50  Pylon  
  14  2:54  Zealot x2  
  14  2:55  Probe (Chrono Boost)  
  19  3:03  Cybernetics Core  
  19  3:12  Pylon  
  19  3:25  Zealot x2  
  23  3:47  Warp Gate (Chrono Boost)  
  23  3:50  Mothership Core  
  25  4:03  Assimilator  
  25  4:11  Probe  
  26  4:18  Stalker  
  26  4:22  Gateway  
  28  4:28  Gateway  
  28  4:36  Probe  
  29  4:42  Stalker  
  31  4:48  Probe  
  32  5:00  Probe  
  32  5:04  Sentry  
  35  5:12  Probe  
  36  5:24  Probe  
  37  5:31  Pylon  
  37  5:37  Stargate  
  37  6:01  Nexus  
  37  6:11  Assimilator  
  37  6:13  Assimilator  
  37  6:16  Pylon  
  37  6:24  Pylon  
  37  6:27  Stalker  
  39  6:34  Probe  
  40  6:46  Probe  
  41  6:56  Sentry  
  41  6:57  Sentry x3  
  41  6:58  Probe  
  50  7:21  Probe  
  51  7:32  Probe  
  51  7:35  Stargate  
  52  7:38  Stargate  
  52  7:42  Probe  
  53  7:53  Probe  
  54  8:03  Probe  
  51  8:15  Probe  
  51  8:17  Void Ray  
  56  8:20  Probe  
  57  8:27  Probe  
  58  8:39  Probe  
  59  8:51  Probe  
  60  8:57  Fleet Beacon  
  60  9:03  Probe  
Show
View Real Time Build Order
Export as new Build Order

Exarøi Terran - Winner!

Build Orders: MMM Bio 

Get SALT Encoding   

  12  0:03  SCV  
  13  0:15  SCV  
  13  0:20  Supply Depot  
  14  0:28  SCV  
  15  0:42  SCV  
  16  0:44  Barracks  
  16  0:49  Refinery  
  16  0:54  SCV  
  17  1:10  SCV  
  18  1:22  SCV  
  19  1:34  SCV  
  20  1:43  Marine  
  21  1:49  Orbital Command  
  21  2:04  Command Center  
  21  2:05  Marine  
  22  2:13  Supply Depot  
  22  2:18  SCV  
  23  2:34  Marine  
  23  2:35  SCV  
  25  2:39  Factory  
  25  2:47  SCV  
  26  2:52  Marine  
  27  2:59  SCV  
  28  3:10  Marine  
  28  3:11  SCV  
  30  3:29  SCV  
  30  3:32  Refinery  
  31  3:35  Orbital Command  
  31  3:41  SCV  
  32  3:42  Refinery  
  32  3:49  Factory Tech Lab  
  32  3:53  Starport, SCV  
  33  4:02  Barracks Reactor  
  33  4:05  SCV  
  34  4:22  Siege Tank  
  37  4:33  Barracks  
  37  4:35  Barracks  
  37  4:38  Engineering Bay  
  37  4:39  SCV x2  
  39  4:47  Marine x2  
  39  4:48  Medivac  
  39  4:51  SCV x2  
  45  5:00  Supply Depot  
  45  5:03  SCV  
  46  5:21  Marine, SCV x2  
  46  5:23  Siege Tank  
  46  5:24  Starport Reactor  
  46  5:25  Barracks Reactor  
  52  5:30  Barracks Tech Lab  
  52  5:35  Supply Depot  
  52  5:38  SCV x2  
  54  5:44  Refinery  
  54  5:45  Terran Infantry Weapons Level 1  
  54  5:47  Missile Turret  
  54  5:51  Missile Turret  
  54  5:54  SCV  
  54  5:57  SCV  
  55  6:03  Liberator, Bunker  
  55  6:06  SCV  
  55  6:09  SCV, Stimpack  
  57  6:20  Medivac  
  57  6:22  Combat Shields  
  62  6:30  Marine x2  
  64  6:33  Supply Depot  
  64  6:34  Marine, Supply Depot  
  64  6:35  Marine  
  64  6:36  Supply Depot, Widow Mine x2  
  70  6:48  Supply Depot  
  70  6:50  Supply Depot  
  70  6:55  Marine x2, SCV x2  
  74  7:05  Marine  
  74  7:06  Marine, Command Center  
  74  7:08  Medivac  
  78  7:09  Widow Mine  
  80  7:24  Marine x3  
  80  7:25  Marine  
  80  7:28  SCV x2  
  86  7:39  Terran Infantry Armor Level 1  
  86  7:40  SCV  
  86  7:43  Marauder  
  88  8:08  Marine  
  88  8:09  Marine x2  
  88  8:11  Medivac x2  
  97  8:13  Concussive Shells, Marauder  
  97  8:20  Orbital Command  
Tags
 
Add a new tag
Caveats
  • Supply blocks, unpowered buildings, or Contaminate may cause inaccurate times.
  • Supply counts are checked every 10 seconds.